 Dungeon Crawl Stone Soup version 0.31-a0-66-ge618eeaa78 (webtiles) character file.

Game seed: 3180759994815773517

29159 Sobieck the Portalist (level 13, -7/56 HPs)
             Began as a Spriggan Hexslinger on May 22, 2023.
             Was a Follower of Uskayaw.
             Mangled by a meliai
             ... wielding a +0 war axe
              (11 damage)
             ... on level 2 of the Lair of Beasts.
             The game lasted 01:02:25 (20286 turns).

Sobieck the Portalist (Spriggan Hexslinger)        Turns: 20286, Time: 01:02:25

Health: -7/56      AC:  4    Str:  6    XL:     13   Next: 13%
Magic:  11/27      EV: 18    Int: 14    God:    Uskayaw [*.....]
Gold:   1227       SH:  0    Dex: 21    Spells: 9/30 levels left

rFire   + . .        D - +0 orcbow
rCold   . . .        (shield currently unavailable)
rNeg    . . .        c - +0 robe
rPois   .            (helmet restricted)
rElec   .            s - +1 cloak
rCorr   .            (gloves unavailable)
SInv    +            (boots unavailable)
Will    ++...        d - amulet of faith {!P}
Stlth   ++           m - ring of flight
HPRegen 0.29/turn    g - ring of protection from fire
MPRegen 0.20/turn

%: faith
@: portalling projectiles, flying, very quick
A: very small, no large weapons, unfitting armour, see invisible, speed 3
a: Renounce Religion, Stomp


You were on level 2 of the Lair of Beasts.
You worshipped Uskayaw.
Uskayaw was noncommittal.
You visited 3 branches of the dungeon, and saw 16 of its levels.
You also visited: Bailey.

You collected 1227 gold pieces.


Innate Abilities, Weirdness & Mutations

You are very small and have problems with some larger weapons.
You are too small for most types of armour.
You have supernaturally acute eyesight. (SInv)
You cover ground extremely quickly. (Speed+++)


   Skills:
 - Level 0.7 Fighting
 - Level 9.6 Ranged Weapons
 - Level 2.6 Dodging
 - Level 9.0 Spellcasting
 + Level 10.5 Hexes
 + Level 22.4 Translocations
 - Level 2.0 Fire Magic
 - Level 4.2 Invocations


You had 9 spell levels left.
You knew the following spells:

 Your Spells              Type           Power      Damage    Failure   Level
a - Slow                  Hex            100%       N/A       1%          1
b - Inner Flame           Hex/Fire       20%        N/A       4%          3
c - Cause Fear            Hex            17%        N/A       1%          4
d - Portal Projectile     Hex/Tloc       98%        N/A       1%          3
e - Blink                 Tloc           100%       N/A       0%          2
f - Disjunction           Tloc           31%        N/A       8%          8

Your spell library contained the following spells:

 Spells                   Type           Power      Damage    Failure   Level
 Manifold Assault         Tloc           62%        N/A       0%          4
 Beastly Appendage        Tmut           12%        N/A       12%         1
 Magic Dart               Conj           24%        1d4       12%         1
 Searing Ray              Conj           12%        2d4       17%         2
 Wereblood                Tmut           6%         N/A       17%         2
 Fulminant Prism          Conj/Hex       8%         3d6       22%         4
 Leda's Liquefaction      Hex/Erth       8%         N/A       22%         4
 Call Canine Familiar     Summ           6%         N/A       34%         3
 Ignite Poison            Fire/Tmut/Pois 3%         N/A       45%         3
 Spider Form              Tmut/Pois      3%         N/A       50%         3
 Animate Dead             Necr           6%         N/A       75%         4
 Sticky Flame             Conj/Fire      5%         2d3       77%         4
 Conjure Ball Lightning   Conj/Air       1%         3x3d6     100%        6
 Haunt                    Necr/Summ      1%         N/A       100%        7
 Storm Form               Tmut/Air       1%         N/A       100%        7
 Borgnjor's Revivificati  Necr           3%         N/A       100%        8
 Discord                  Hex            17%        N/A       100%        8
 Ignition                 Fire           5%         3d4       100%        8
 Infestation              Necr           3%         N/A       100%        8
 Necromutation            Tmut/Necr      1%         N/A       100%        8
 Chain Lightning          Conj/Air       1%         3d2       100%        9
 Death's Door             Necr           3%         N/A       100%        9
 Fire Storm               Conj/Fire      2%         8d1       100%        9
 Shatter                  Erth           3%         3d7*      100%        9

Inventory:

Hand Weapons
 y - a +1 vampiric dagger {short}
   (You took it off a goblin on level 4 of the Dungeon)
 D - a +0 orcbow (weapon)
   (You took it off an orc warrior on level 2 of the Orcish Mines)
 I - a +1 whip of flaming {mace}
   (You took it off Pikel on level 5 of the Dungeon)
 M - a +0 spectral club {mace}
   (You found it on level 5 of the Dungeon)
 O - a +0 short sword of draining {short}
   (You took it off an orc on level 6 of the Dungeon)
 T - a +1 heavy shortbow {bow}
   (You took it off a centaur on level 6 of the Dungeon)
 X - a +4 long sword {long}
   (You took it off a wight on level 6 of the Dungeon)
Missiles
 H - 20 stones {throwing}
 L - 19 poisoned darts {throwing}
 N - 14 boomerangs {throwing}
Armour
 a - an orb of guile
   (You found it on level 8 of the Dungeon)
 c - a +0 robe (worn)
 j - a +0 troll leather armour
   (You found it on level 10 of the Dungeon)
 s - a +1 cloak (worn)
   (You found it on level 3 of the Dungeon)
 v - a +0 robe
   (You found it on level 3 of the Dungeon)
 z - a +0 robe
   (You took it off an orc wizard on level 4 of the Dungeon)
 C - a +0 robe
   (You found it on level 5 of the Dungeon)
 J - a +0 robe
   (You took it off Pikel on level 5 of the Dungeon)
 P - a +0 robe
   (You found it on level 6 of the Dungeon)
 U - a +0 robe
   (You took it off a wight on level 6 of the Dungeon)
 W - a +0 robe
   (You took it off a wight on level 6 of the Dungeon)
 Y - a +0 robe
   (You took it off a wight on level 6 of the Dungeon)
 Z - a +0 robe
   (You took it off a wight on level 6 of the Dungeon)
Jewellery
 d - an amulet of faith (around neck) {!P}
   (You found it on level 8 of the Dungeon)
 g - a ring of protection from fire (right hand)
   (You found it on level 10 of the Dungeon)
 m - a ring of flight (left hand)
   (You found it on level 4 of the Dungeon)
 t - an amulet of regeneration {@e2}
   (You found it on level 3 of the Dungeon)
Wands
 w - a wand of acid (7)
   (You found it on level 1 of the Lair of Beasts)
 Q - a wand of charming (7)
   (You found it on level 6 of the Dungeon)
 S - a wand of flame (27)
   (You found it on level 6 of the Dungeon)
 V - a wand of iceblast (5)
   (You found it on level 1 of the Lair of Beasts)
Scrolls
 b - 3 scrolls of poison {!r}
 i - 5 scrolls of teleportation {@r4}
 n - a scroll of acquirement
 o - 2 scrolls of enchant armour
 x - a scroll of immolation {!r!r}
 A - 3 scrolls of fog
 E - 4 scrolls of magic mapping {!r}
 F - a scroll of noise {!r}
 G - 2 scrolls of enchant weapon
 K - 2 scrolls of blinking {!r}
 R - a scroll of butterflies {unknown}
Potions
 e - 5 potions of curing {@q1}
 f - a potion of attraction {!q}
 h - 5 potions of might
 k - 5 potions of mutation {!q}
 l - 2 potions of enlightenment
 p - 5 potions of haste {@q3}
 q - a potion of lignification {!q}
 r - 2 potions of magic
 u - 3 potions of brilliance
 B - 7 potions of heal wounds {@q2}

Dungeon Overview and Level Annotations

Branches:
Dungeon (12/15) Zot: 26180  Temple (0/1) D:5            Lair (2/5) D:11 Zot: 9931
 Spider (0/4) Lair:2          Orc (2/2) D:11 Zot: 10529     Elf (0/3) Orc:2
 Bailey (visited)
  Swamp: Lair:2-3    Shoals: Lair:2-3

Altars:
Gozag
Okawaru
Ru
Sif Muna
Uskayaw
Xom
Yredelemnul

Annotations:
D:2 exclusion: upstairs
D:3 Ijyb
D:4 3 runed translucent doors, oldplebian's ghost, amateur MeEE
D:10 !Rolling beetle.
D:11 exclusion: upstairs
Lair:1 exclusion: downstairs

##..... ....P #..#
.####### #..## ##
#....... ##...## ...
#..###y. ###P'##.####
... ..#.#.#.
##........>###### ..#
..#.>.#.
..'........#P#..##..##.#
..#...#.
##.........'....@y....$.
#..###y.
##.........##..####...P
#......y #.........##.##
. .##...##
#P.#.######### .#.###.y
###### ######.. #P..
###. ##


You could see a meliai.


Message History

Press: ? - help, Q - select action, (/) - cycle Shift-Dir - straight line, f/p - killer bee
Aim: a killer bee (inner flame, 42% to hit)
You magically shoot an arrow.
The arrow closely misses the killer bee.
You feel sick. The killer bee stings you.
The killer bee stings you but does no damage.
Fire: D) +0 orcbow
Press: ? - help, Q - select action, (/) - cycle Shift-Dir - straight line, f/p - killer bee
Aim: a killer bee (inner flame, 42% to hit)
You magically shoot an arrow.
The killer bee buzzes angrily.
The arrow hits the killer bee!
Flame seeps out of the killer bee.
You feel sick.
You are no longer poisoned.
The killer bee closely misses you.
The killer bee is engulfed in blazing flames.
The killer bee explodes!
The fiery explosion engulfs the killer bee!
The fiery explosion engulfs the killer bee!!
You kill the killer bee!
The killer bee is engulfed in blazing flames.
You kill the killer bee!
You can now pass through a line of other dancers.
Fire: D) +0 orcbow
Press: ? - help, Q - select action, (/) - cycle Shift-Dir - straight line, f - killer bee
Aim: a killer bee (42% to hit)
Okay, then.
Unknown command.
You are too injured to fight recklessly!
You are too injured to fight recklessly!
Fire: D) +0 orcbow
Press: ? - help, Q - select action, (/) - cycle Shift-Dir - straight line, f - killer bee
Aim: a killer bee (42% to hit)
You magically shoot an arrow.
The arrow hits the killer bee!
Fire: D) +0 orcbow
Press: ? - help, Q - select action, (/) - cycle Shift-Dir - straight line, f/p - killer bee
Aim: a killer bee (severely wounded, 42% to hit)
You magically shoot an arrow.
The arrow hits the killer bee.
You kill the killer bee!
Fire: D) +0 orcbow
Press: ? - help, Q - select action, (/) - cycle Shift-Dir - straight line, f - you That would be overly suicidal.
Okay, then.
Unknown command.
Unknown command.
You start resting.
A meliai is nearby!
Danger!
Unknown command.
Fire: D) +0 orcbow
Press: ? - help, Q - select action, (/) - cycle Shift-Dir - straight line, f - meliai
Aim: a meliai, wielding a +0 war axe and wearing a +1 leather armour of positive energy (wandering, hasn't noticed you, 57% to hit)
You magically shoot an arrow.
The arrow barely misses the meliai.
The meliai buzzes angrily.
Fire: D) +0 orcbow
Press: ? - help, Q - select action, (/) - cycle Shift-Dir - straight line, f/p - meliai
Aim: a meliai, wielding a +0 war axe and wearing a +1 leather armour of positive energy (57% to hit)
You magically shoot an arrow.
The arrow barely misses the meliai.
Fire: D) +0 orcbow
Press: ? - help, Q - select action, (/) - cycle Shift-Dir - straight line, f/p - meliai
Aim: a meliai, wielding a +0 war axe and wearing a +1 leather armour of positive energy (57% to hit)
You magically shoot an arrow.
The arrow hits the meliai but does no damage.
Fire: D) +0 orcbow
Press: ? - help, Q - select action, (/) - cycle Shift-Dir - straight line, f/p - meliai
Aim: a meliai, wielding a +0 war axe and wearing a +1 leather armour of positive energy (57% to hit)
You magically shoot an arrow.
The arrow hits the meliai!
Fire: D) +0 orcbow
Press: ? - help, Q - select action, (/) - cycle Shift-Dir - straight line, f/p - meliai
Aim: a meliai, wielding a +0 war axe and wearing a +1 leather armour of positive energy (heavily wounded, 57% to hit)
You magically shoot an arrow.
The arrow hits the meliai but does no damage.
Fire: D) +0 orcbow
Press: ? - help, Q - select action, (/) - cycle Shift-Dir - straight line, f/p - meliai
Aim: a meliai, wielding a +0 war axe and wearing a +1 leather armour of positive energy (heavily wounded, 57% to hit)
You magically shoot an arrow.
The arrow barely misses the meliai.
The meliai closely misses you. x2
Fire: D) +0 orcbow
Press: ? - help, Q - select action, (/) - cycle Shift-Dir - straight line, f/p - meliai
Aim: a meliai, wielding a +0 war axe and wearing a +1 leather armour of positive energy (heavily wounded, 57% to hit)
You magically shoot an arrow.
The arrow closely misses the meliai.
The meliai hits you with a +0 war axe! The meliai stings you.
* * * LOW HITPOINT WARNING * * *
The meliai barely misses you. x2
Fire: D) +0 orcbow
Press: ? - help, Q - select action, (/) - cycle Shift-Dir - straight line, f/p - meliai
Aim: a meliai, wielding a +0 war axe and wearing a +1 leather armour of positive energy (heavily wounded, 57% to hit)
You magically shoot an arrow.
The arrow misses the meliai.
The meliai closely misses you. The meliai stings you!
* * * LOW HITPOINT WARNING * * *
The meliai completely misses you. The meliai stings you.
* * * LOW HITPOINT WARNING * * *
Fire: D) +0 orcbow
Press: ? - help, Q - select action, (/) - cycle Shift-Dir - straight line, f/p - meliai
Aim: a meliai, wielding a +0 war axe and wearing a +1 leather armour of positive energy (heavily wounded, 57% to hit)
You magically shoot an arrow.
The arrow hits the meliai.
The meliai mumbles some strange prayers to its god against you.
Something smites you!
* * * LOW HITPOINT WARNING * * *
The meliai hits you with a +0 war axe!
You die...

Skill      XL: |  1  2  3  4  5  6  7  8  9 10 11 12 13 |
---------------+----------------------------------------+-----
Spellcasting   | 3 4 5 6 9 |  9.0
Hexes          | 5 6 7 9 10 | 10.5
Ranged Weapons | 3 4 5 7 9 |  9.6
Fire Magic     | 1 2 |  2.0
Translocations | 1 3 5 9 16 19 22 | 22.4
Invocations    | 3 4 |  4.2
Fighting       | |  0.7
Dodging        | |  2.6

Action                     |  1- 3 |  4- 6 |  7- 9 | 10-12 | 13-15 || total
---------------------------+-------+-------+-------+-------+-------++-------
   Fire: Sling             |    69 |   258 |   237 |       |       ||   564
         Shortbow          |       |       |   251 |   524 |       ||   775
         Orcbow            |       |       |       |   284 |   163 ||   447
  Throw: Throwing net      |       |       |       |     1 |       ||     1
   Cast: Slow              |     6 |     7 |    34 |    23 |     8 ||    78
         Inner Flame       |       |     3 |    17 |    25 |     9 ||    54
         Blink             |       |       |     3 |     1 |       ||     4
         Portal Projectile |       |       |    11 |    21 |     3 ||    35
         Cause Fear        |       |       |     3 |    12 |       ||    15
         Disjunction       |       |       |       |     6 |     7 ||    13
    Use: Scroll            |       |    12 |       |    11 |       ||    23
         Potion            |       |       |       |     2 |       ||     2
 Armour: Robe              |       |     9 |    23 |    21 |    11 ||    64
  Dodge: Dodged            |    22 |    70 |   173 |   192 |    44 ||   501

Levels and vault maps discovered:
D:1:      elethiomel_arrival_shortcut, layout_loops_ring,
          chequers_serial_rivers_micro_b
D:2:      layout_rooms, basic_altar, hangedman_abyss_or_decor_stabs,
          minmay_close_crescents, uniq_sigmund
D:3:      layout_loops_ring, overflow_temple_1_default, uniq_ijyb
D:4:      layout_loops_corners, nicolae_ru_awakened_eye, ebering_ghost_gozag
D:5:      layout_basic, hellmonk_okawaru_the_only_friend_you_need,
          minmay_temple_entry_slanted, nicolae_hexahallways,
          minmay_tree_intersection, guppyfry_early_lair_pool, uniq_edmund,
          uniq_pikel, uniq_eustachio
D:6:      layout_basic
D:7:      layout_loops_ring, uniq_duvessa
D:8:      layout_basic, hangedman_decor_growths, minivault_27,
          small_statue_intersection, abandoned_shop
D:9:      layout_basic, mainiacjoe_overflow_alcove_2, enter_bailey_5
D:10:     layout_loops_corners
D:11:     layout_irregular_city, david_lair_generic,
          minmay_orc_entry_temple_small
D:12:     layout_roguey, minivault_27, kennysheep_cluttered_room,
          worldfamousw_hep_ancestral_shrine, uniq_jorgrun, uniq_nergalle
Lair:1:   layout_cave_pods, basic_altar, kennysheep_abandoned_house,
          serial_bayou_shore_b, serial_bayou_shore_b
Lair:2:   layout_roguey, hellmonk_spider_entry_not_the_bees,
          ebering_ghost_disaster_area, uniq_erica, uniq_gastronok
Orc:1:    layout_caves, lemuel_statue_altar
Orc:2:    st_orc_ogre_mass, layout_diamond_mine

Notes
Turn   | Place    | Note
-------+----------+-------------------------------------------
     0 | D:1      | Sobieck the Spriggan Hexslinger began the quest for the
                  | Orb.
     0 | D:1      | Reached XP level 1. HP: 9/9 MP: 3/3
    92 | D:1      | Reached XP level 2. HP: 14/14 MP: 5/5
   265 | D:1      | Reached skill level 2 in Spellcasting
   371 | D:1      | Reached skill level 4 in Hexes
   744 | D:2      | Noticed Sigmund
   818 | D:1      | Killed Sigmund
   819 | D:1      | Reached skill level 3 in Ranged Weapons
   819 | D:1      | Reached skill level 3 in Spellcasting
   819 | D:1      | Reached skill level 5 in Hexes
   819 | D:1      | Reached XP level 3. HP: 17/17 MP: 6/9
   819 | D:1      | Reached XP level 4. HP: 21/21 MP: 6/10
   819 | D:1      | Reached XP level 5. HP: 25/25 MP: 6/11
   870 | D:1      | Learned a level 3 spell: Inner Flame
  1058 | D:1      | Reached skill level 4 in Spellcasting
  1215 | D:2      | You pick up a book of Death and begin reading...
  1215 | D:2      | You add the spells Animate Dead, Haunt and Infestation to
                  | your library.
  1356 | D:2      | Reached XP level 6. HP: 28/29 MP: 4/13
  1432 | D:2      | Found a basalt altar of Yredelemnul.
  1453 | D:2      | Reached skill level 4 in Ranged Weapons
  2010 | D:3      | Found a hide-covered altar of Uskayaw.
  2020 | D:3      | Became a worshipper of Uskayaw the Reveller
  2117 | D:3      | Reached * piety under Uskayaw
  2575 | D:3      | Noticed Ijyb
  2802 | D:4      | Found a sacrificial altar of Ru.
  2946 | D:4      | Noticed a steam dragon
  2946 | D:4      | Noticed oldplebian's ghost (amateur MeEE)
  2946 | D:4      | Found a runed translucent gate.
  2946 | D:4      | Found a runed translucent gate.
  2946 | D:4      | Found an opulent altar of Gozag.
  2946 | D:4      | Found a runed translucent gate.
  2948 | D:4      | Upgraded the game from 0.31-a0-45-g5f0c076935 to
                  | 0.31-a0-66-ge618eeaa78
  2954 | D:4      | Identified a scroll of acquirement
  3174 | D:4      | Reached ** piety under Uskayaw
  3187 | D:4      | Reached skill level 6 in Hexes
  3187 | D:4      | Reached skill level 1 in Fire Magic
  3192 | D:4      | Learned a level 4 spell: Cause Fear
  3288 | D:4      | Reached skill level 5 in Spellcasting
  3373 | D:4      | Learned a level 3 spell: Portal Projectile
  3470 | D:4      | You add the spells Blink, Manifold Assault and Storm Form
                  | to your library.
  3474 | D:4      | Learned a level 2 spell: Blink
  3503 | D:4      | You add the spells Borgnjor's Revivification, Necromutation
                  | and Death's Door to your library.
  3684 | D:4      | Reached skill level 1 in Translocations
  3684 | D:4      | Reached XP level 7. HP: 32/32 MP: 13/15
  3955 | D:5      | Entered Level 5 of the Dungeon
  4048 | D:5      | Noticed Eustachio
  4346 | D:4      | Killed Eustachio
  4347 | D:4      | Reached skill level 5 in Ranged Weapons
  4347 | D:4      | Reached skill level 2 in Translocations
  4347 | D:4      | Reached skill level 2 in Fire Magic
  4472 | D:5      | HP: 4/32 [orc priest/+0 flail (7)]
  4477 | D:5      | Reached skill level 3 in Translocations
  4512 | D:5      | Found a staircase to the Ecumenical Temple.
  4542 | D:5      | Noticed Edmund
  4578 | D:5      | Killed Edmund
  4579 | D:5      | Reached skill level 7 in Hexes
  4652 | D:4      | Reached XP level 8. HP: 23/37 MP: 16/16
  5001 | D:5      | Reached skill level 4 in Translocations
  5069 | D:5      | You pick up a book of Chaos and begin reading...
  5069 | D:5      | You add the spells Conjure Ball Lightning, Disjunction and
                  | Discord to your library.
  5354 | D:5      | Noticed Pikel
  5379 | D:5      | HP: 8/37 [Pikel/+1 whip of flaming (10)]
  5410 | D:5      | Killed Pikel
  5411 | D:5      | Reached skill level 6 in Ranged Weapons
  5411 | D:5      | Reached skill level 8 in Hexes
  5411 | D:5      | Reached skill level 5 in Translocations
  5623 | D:5      | Found an iron altar of Okawaru.
  5908 | D:6      | Reached skill level 7 in Ranged Weapons
  6617 | D:7      | Noticed Duvessa
  6627 | D:7      | Noticed Dowan
  6728 | D:6      | Reached skill level 9 in Hexes
  6728 | D:6      | Reached XP level 9. HP: 40/40 MP: 13/17
  6742 | D:6      | Reached *** piety under Uskayaw
  7085 | D:6      | Reached skill level 6 in Translocations
  7397 | D:6      | HP: 10/40 [poisoned by Duvessa]
  7453 | D:7      | You pick up a book of Changes and begin reading...
  7453 | D:7      | You add the spells Beastly Appendage, Wereblood and Spider
                  | Form to your library.
  7552 | D:7      | Reached skill level 8 in Ranged Weapons
  7668 | D:7      | Killed Dowan
  7669 | D:7      | Reached skill level 7 in Translocations
  7968 | D:7      | HP: 10/40 [poisoned by Duvessa]
  7974 | D:7      | HP: 10/40 [poisoned by Duvessa]
  8002 | D:7      | Killed Duvessa
  8134 | D:7      | You add the spells Ignite Poison, Sticky Flame and Ignition
                  | to your library.
  8177 | D:7      | Reached **** piety under Uskayaw
  8267 | D:7      | Identified the +1 flail of the Ubiquitous God {holy, rElec
                  | rF+ Stlth+}
  8426 | D:8      | Reached skill level 8 in Translocations
  8426 | D:8      | Reached skill level 1 in Invocations
  8443 | D:8      | Reached ***** piety under Uskayaw
  8589 | D:8      | Noticed a two-headed ogre
  8632 | D:7      | Killed a two-headed ogre
  8633 | D:7      | Reached skill level 9 in Ranged Weapons
  8633 | D:7      | Reached skill level 9 in Translocations
  8633 | D:7      | Reached skill level 3 in Invocations
  8777 | D:8      | Reached XP level 10. HP: 44/44 MP: 4/18
  9663 | D:9      | Found a flagged portal.
  9673 | Bailey   | Entered a bailey
  9824 | Bailey   | Reached skill level 10 in Translocations
  9895 | Bailey   | Noticed an orc knight
  9904 | Bailey   | Reached skill level 4 in Invocations
 10192 | Bailey   | HP: 5/44 [orc knight/+0 glaive (20)]
 10326 | D:9      | Identified a potion of experience
 10327 | D:9      | Reached skill level 16 in Translocations
 10327 | D:9      | Reached XP level 11. HP: 48/48 MP: 19/19
 10879 | D:9      | Noticed a two-headed ogre
 10907 | D:9      | Found a shimmering altar of Xom.
 10908 | D:9      | Killed a two-headed ogre
 11109 | D:9      | You pick up a book of the Hunter and begin reading...
 11109 | D:9      | You add the spells Call Canine Familiar and Leda's
                  | Liquefaction to your library.
 11198 | D:10     | Entered Level 10 of the Dungeon
 11216 | D:10     | Reached skill level 17 in Translocations
 11470 | D:10     | You pick up a book of Conjurations {@e2} and begin
                  | reading...
 11470 | D:10     | You add the spells Magic Dart, Searing Ray and Fulminant
                  | Prism to your library.
 11867 | D:10     | Reached skill level 18 in Translocations
 12799 | D:11     | Noticed a boulder beetle
 13028 | D:11     | Reached skill level 19 in Translocations
 13236 | D:11     | HP: 4/48 [acid dragon/splash of acid (25)]
 13461 | D:11     | Noticed a death yak
 13692 | D:10     | Killed a death yak
 13693 | D:10     | Reached skill level 6 in Spellcasting
 13693 | D:10     | Reached XP level 12. HP: 48/52 MP: 20/23
 13903 | D:11     | Reached skill level 7 in Spellcasting
 13919 | D:11     | Found a staircase to the Orcish Mines.
 13939 | D:10     | Reached ****** piety under Uskayaw
 14199 | D:11     | Found a staircase to the Lair.
 14211 | D:11     | HP: 8/52 [boulder beetle (44)]
 14377 | D:10     | HP: 9/52 [boulder beetle (18)]
 14741 | D:11     | You pick up a book of Annihilations and begin reading...
 14741 | D:11     | You add the spells Chain Lightning, Fire Storm and Shatter
                  | to your library.
 14761 | D:11     | Reached skill level 8 in Spellcasting
 14983 | Orc:1    | Entered Level 1 of the Orcish Mines
 15090 | Orc:2    | Entered Level 2 of the Orcish Mines
 15478 | Orc:2    | Reached skill level 9 in Spellcasting
 15788 | Orc:2    | Found a staircase to the Elven Halls.
 15803 | Orc:2    | Noticed a two-headed ogre
 15805 | Orc:2    | Noticed a two-headed ogre
 15806 | Orc:2    | Noticed a two-headed ogre
 15892 | Orc:2    | Killed a two-headed ogre
 15902 | Orc:2    | Learned a level 8 spell: Disjunction
 15963 | Orc:2    | Noticed a two-headed ogre
 15983 | Orc:2    | Killed a two-headed ogre
 15999 | Orc:2    | Killed a two-headed ogre
 16000 | Orc:2    | Reached skill level 20 in Translocations
 16024 | Orc:2    | Noticed a two-headed ogre
 16091 | Orc:2    | Killed a two-headed ogre
 16114 | Orc:2    | Noticed an ogre mage
 16290 | D:11     | HP: 12/52 [ogre mage/bolt of magma (31)]
 16699 | Orc:2    | Killed a two-headed ogre
 16755 | Orc:2    | Noticed an ogre mage
 16767 | Orc:2    | Noticed a two-headed ogre
 16776 | Orc:2    | Killed a two-headed ogre
 16777 | Orc:2    | Reached skill level 21 in Translocations
 16854 | D:11     | Killed an ogre mage
 16887 | Lair:1   | Entered Level 1 of the Lair of Beasts
 17017 | D:11     | HP: 13/52 [yak (13)]
 17639 | Lair:1   | Found a shimmering blue altar of Sif Muna.
 18039 | Lair:1   | Reached skill level 22 in Translocations
 18361 | Lair:1   | HP: 12/52 [wyvern (17)]
 18636 | Lair:1   | Reached XP level 13. HP: 53/56 MP: 15/27
 18673 | Lair:1   | Reached skill level 10 in Hexes
 19444 | Lair:1   | You are sucked into a shaft and drop 1 floor!
 19444 | Lair:2   | Found a hole to the Spider Nest.
 20286 | Lair:2   | HP: 4/56 [meliai/divine providence (13)]
 20286 | Lair:2   | Mangled by a meliai

Vanquished Creatures
  An ogre mage (D:11)
  A death yak (D:10)
  8 two-headed ogres
  Pikel (D:5)
  An orc knight (Orc:2)
  An orc sorcerer (Orc:2)
  4 cane toads (Lair:1)
  A kobold demonologist (D:10)
  3 komodo dragons
  2 trolls
  Sigmund (D:1)
  A shadow (D:10)
  39 yaks
  Eustachio (D:4)
  A wraith (D:10)
  3 wyverns
  3 basilisks
  Edmund (D:5)
  2 acid dragons
  2 water moccasins
  Duvessa (D:7)
  An ice beast (D:5)
  12 orc warriors
  A sky beast (D:7)
  3 black bears
  5 centaurs
  17 ogres
  3 wolves (Lair:1)
  4 lemures (D:5)
  A phantom (D:4)
  2 kobold brigands
  4 bullfrogs
  3 scorpions
  2 gnoll sergeants
  5 wights (D:6)
  Dowan (D:7)
  8 killer bees
  5 howler monkeys
  A hound (D:6)
  13 orc priests
  2 hell rats (Lair:1)
  2 iguanas
  A sleepcap (D:4)
  15 orc wizards
  11 gnolls
  5 river rats (Lair:1)
  11 adders
  4 shadow imps
  A white imp (D:8)
  An ufetubus (D:6)
  3 worms (D:2)
  5 dart slugs
  59 orcs
  7 endoplasms
  2 giant cockroaches (D:1)
  10 goblins
  7 hobgoblins
  9 jackals
  4 quokkas
  7 ball pythons
  4 bats (D:2)
  5 frilled lizards
  18 kobolds
  10 rats
372 creatures vanquished.

Table legend:
 A = Non-vault XP
 B = Vault XP
 C = Vault XP percentage of total XP
 D = Non-vault monster count
 E = Vault monster count
 F = Vault count percentage of total count
                 A         B        C        D         E       F
            +---------+---------+-------+---------+---------+-------
      Total |   22213 |   12082 |  35.2 |     282 |      86 |  23.4
            +---------+---------+-------+---------+---------+-------
        D:1 |      63 |     231 |  78.6 |      21 |       1 |   4.5
        D:2 |     118 |      21 |  15.1 |      26 |       4 |  13.3
        D:3 |     115 |       0 |   0.0 |      15 |       0 |   0.0
        D:4 |     366 |     208 |  36.2 |      19 |       1 |   5.0
        D:5 |     302 |     825 |  73.2 |      15 |       4 |  21.1
        D:6 |    1035 |       0 |   0.0 |      21 |       0 |   0.0
        D:7 |    1258 |     208 |  14.2 |      16 |       2 |  11.1
        D:8 |    1605 |       0 |   0.0 |      26 |       0 |   0.0
        D:9 |    1721 |       6 |   0.3 |      20 |       4 |  16.7
       D:10 |    4797 |     813 |  14.5 |      23 |       1 |   4.2
       D:11 |    2451 |    1983 |  44.7 |      34 |      14 |  29.2
     Lair:1 |    6062 |     212 |   3.4 |      27 |      14 |  34.1
     Lair:2 |       0 |     253 | 100.0 |       0 |       4 | 100.0
      Orc:1 |     121 |       0 |   0.0 |       1 |       0 |   0.0
      Orc:2 |    2199 |    6353 |  74.3 |      18 |      18 |  50.0
     Bailey |       0 |     969 | 100.0 |       0 |      19 | 100.0
            +---------+---------+-------+---------+---------+-------

Skill      XL: |  1  2  3  4  5  6  7  8  9 10 11 12 13 |
---------------+----------------------------------------+-----
Spellcasting   | 3 4 5 6 9 |  9.0
Hexes          | 5 6 7 9 10 | 10.5
Ranged Weapons | 3 4 5 7 9 |  9.6
Fire Magic     | 1 2 |  2.0
Translocations | 1 3 5 9 16 19 22 | 22.4
Invocations    | 3 4 |  4.2
Fighting       | |  0.7
Dodging        | |  2.6

Action                     |  1- 3 |  4- 6 |  7- 9 | 10-12 | 13-15 || total
---------------------------+-------+-------+-------+-------+-------++-------
   Fire: Sling             |    69 |   258 |   237 |       |       ||   564
         Shortbow          |       |       |   251 |   524 |       ||   775
         Orcbow            |       |       |       |   284 |   163 ||   447
  Throw: Throwing net      |       |       |       |     1 |       ||     1
   Cast: Slow              |     6 |     7 |    34 |    23 |     8 ||    78
         Inner Flame       |       |     3 |    17 |    25 |     9 ||    54
         Blink             |       |       |     3 |     1 |       ||     4
         Portal Projectile |       |       |    11 |    21 |     3 ||    35
         Cause Fear        |       |       |     3 |    12 |       ||    15
         Disjunction       |       |       |       |     6 |     7 ||    13
    Use: Scroll            |       |    12 |       |    11 |       ||    23
         Potion            |       |       |       |     2 |       ||     2
 Armour: Robe              |       |     9 |    23 |    21 |    11 ||    64
  Dodge: Dodged            |    22 |    70 |   173 |   192 |    44 ||   501

Illustrated notes

Table legend:
 A = Kills in this place as a percentage of kills in the entire game.
 B = Kills by you in this place as a percentage of kills by you in the entire game.
 C = Kills by friends in this place as a percentage of kills by friends in the entire game.
 D = Other kills in this place as a percentage of other kills in the entire game.
 E = Experience gained in this place as a percentage of experience gained in the entire game.
 F = Experience gained in this place divided by the number of levels of this place that you have seen.
                   A       B       C       D       E      F
               +-------+-------+-------+-------+-------+----------------------
         Total | 100.0 | 100.0 |   N/A |   N/A | 100.0 | 2017.4
       Dungeon |  72.6 |  72.6 |   N/A |   N/A |  52.9 | 1510.5
          Lair |  12.2 |  12.2 |   N/A |   N/A |  19.0 | 3263.5
  Orcish Mines |  10.1 |  10.1 |   N/A |   N/A |  25.3 | 4336.5
        Bailey |   5.2 |   5.2 |   N/A |   N/A |   2.8 | 969.0
               +-------+-------+-------+-------+-------+----------------------

Table legend: (Time is in decaauts)
 A = Elapsed time spent in this place.
 B = Non-inter-level travel time spent in this place.
 C = Inter-level travel time spent in this place.
 D = Time resting spent in this place.
 E = Time spent auto-exploring this place.
 F = Levels seen in this place.
 G = Mean time per level.
                   A        B        C        D        E       F      G
               +--------+--------+--------+--------+--------+-----+--------+
         Total |  15465 |  14739 |    726 |   3132 |   6736 |  17 |  909.7 |
       Dungeon |  11479 |  10777 |    702 |   2254 |   5059 |  12 |  956.6 |
          Lair |   2067 |   2060 |      7 |    298 |   1175 |   2 | 1033.5 |
  Orcish Mines |   1470 |   1454 |     16 |    414 |    501 |   2 |  735.0 |
        Bailey |    448 |    448 |      0 |    166 |      0 |   1 |  448.0 |
               +--------+--------+--------+--------+--------+-----+--------+

Top non-repeatable levels by time:
  Lair:1: 2007 daAuts
    D:11: 1856 daAuts
    D:10: 1746 daAuts
     D:6: 1192 daAuts
     D:4: 1067 daAuts
     D:5: 1041 daAuts
   Orc:2: 1038 daAuts
     D:9: 942 daAuts
     D:7: 941 daAuts
     D:8: 730 daAuts
     D:3: 704 daAuts
     D:1: 682 daAuts
     D:2: 567 daAuts
  Bailey: 448 daAuts
   Orc:1: 431 daAuts
